 Dungeon Crawl Stone Soup version 0.21-a0-277-geaec956 (webtiles) character file.

468 GordonOverkill the Cleaver (level 7, 0/51 HPs)
             Began as a Gnoll Gladiator on Sept 20, 2017.
             Was a Follower of Okawaru.
             Killed from afar by Natasha (12 damage)
             ... with a wand of flame (?/48)
             ... on level 4 of the Dungeon.
             The game lasted 00:07:20 (3617 turns).

GordonOverkill the Cleaver (Gnoll Gladiator)        Turns: 3617, Time: 00:07:21

Health: 0/51       AC: 10    Str:  7    XL:     7   Next: 8%
Magic:  7/7        EV:  8    Int:  7    God:    Okawaru [*.....]
Gold:   224        SH:  2    Dex:  7    Spells: 6/6 levels left

rFire    . . .     SeeInvis .   v - +2 war axe (vamp)
rCold    . . .     Gourm    .   (no shield)
rNeg     . . .     Faith    .   z - +0 scale mail
rPois    .         Spirit   .   c - +0 helmet
rElec    .         Reflect  +   i - +0 cloak
rCorr    .         Harm     .   (no gloves)
MR       .....                  k - +1 pair of boots
Stlth    +.........             s - +2 amulet of reflection
HPRegen  0.17/turn              j - ring of stealth
MPRegen  0.10/turn              x - ring of flight

@: no status effects
A: unchanging attributes, fangs 1, strong nose
a: Heroism, Renounce Religion, Evoke Flight


You were on level 4 of the Dungeon.
You worshipped Okawaru.
Okawaru was aware of your devotion.
You were not hungry.

You visited 1 branch of the dungeon, and saw 4 of its levels.

You collected 224 gold pieces.

Inventory:

Hand Weapons
 a - a +0 war axe
 v - a +2 vampiric war axe (weapon)
Missiles
 d - 3 throwing nets (quivered)
Armour
 c - a +0 helmet (worn)
 i - a +0 cloak (worn)
 k - a +1 pair of boots (worn)
 z - a +0 scale mail (worn)
Jewellery
 j - a ring of stealth (left hand)
 s - a +2 amulet of reflection (around neck)
 u - an uncursed amulet of rage
 x - a ring of flight (right hand)
Wands
 o - a wand of iceblast (8/15)
 y - a wand of disintegration (9/24)
Scrolls
 b - a scroll of identify
 r - 3 scrolls of remove curse
Potions
 e - 2 potions of heal wounds
 h - 3 potions of flight
 m - a potion of haste {unknown}
 n - a potion of berserk rage {unknown}
 p - 2 potions of curing {unknown}
 q - 3 potions of invisibility {unknown}
 t - 2 potions of ambrosia {unknown}
 w - 2 potions of mutation {unknown}
Comestibles
 f - 4 bread rations
 g - 5 chunks of flesh
 l - 3 meat rations


   Skills:
 + Level 2.8 Fighting
 * Level 10.1 Axes
 - Level 2.6 Throwing
 - Level 4.0 Dodging


You had 6 spell levels left.
You didn't know any spells.

Dungeon Overview and Level Annotations

Branches:
Dungeon (4/15)
 Temple: D:4-7

Altars:
Elyvilon
Fedhas
Gozag
Kikubaaqudgha
Okawaru
Trog

Annotations:
D:4 Natasha


Innate Abilities, Weirdness & Mutations

Your physical attributes are unchanging.
You have very sharp teeth.
Your uncanny sense of smell can sniff out nearby items.


Message History

You closely miss Natasha.
Natasha is almost dead.
Natasha zaps a wand.
The puff of flame hits you!
You are too injured to fight recklessly!
You closely miss Natasha. Your bite misses Natasha.
Natasha is almost dead.
Natasha completely misses you.
You miss Natasha.
Natasha is almost dead.
Natasha mumbles some strange words.
You barely miss Natasha.
Natasha is almost dead.
Natasha claws you.
* * * LOW HITPOINT WARNING * * *
The crimson imp shouts!
You hit Natasha but do no damage.
Natasha is almost dead.
You hear a shout!
Natasha zaps a wand.
The puff of flame hits you!
You die...

######### #.......#
#.......# #.......#
#.......# #.......#
#.......#
#########.......#####...
........'.......@h5..>..
.#####.##.......##5.....
.# #.##.......# .....
.## #.########## ....
..# #.# ... # #.# ∆ (. #
#.# # #+####.# ∆
....##.#


You could see Natasha and 2 crimson imps.

Vanquished Creatures
  Crazy Yiuf (D:2)
  4 orc priests (D:3)
  4 orc wizards
  A worker ant (D:4)
  Natasha (twice) (D:4)
  4 adders
  An adder skeleton (D:4)
  A worm (D:4)
  A dart slug (D:2)
  4 leopard geckos
  13 orcs
  2 ball pythons
  2 giant cockroaches (D:3)
  10 goblins
  7 hobgoblins
  11 kobolds
  A quokka (D:2)
  8 bats
  5 frilled lizards
  12 rats
94 creatures vanquished.

Notes
Turn   | Place    | Note
-------+----------+-------------------------------------------
     0 | D:1      | GordonOverkill the Gnoll Gladiator began the quest for the Orb.
     0 | D:1      | Reached XP level 1. HP: 17/17 MP: 1/1
   124 | D:1      | Reached XP level 2. HP: 18/23 MP: 2/2
   272 | D:1      | Reached skill level 5 in Axes
   518 | D:1      | Reached XP level 3. HP: 27/28 MP: 3/3
  1013 | D:2      | Reached skill level 6 in Axes
  1289 | D:2      | Found an iron altar of Okawaru.
  1305 | D:2      | Became a worshipper of Warmaster Okawaru
  1495 | D:2      | Reached XP level 4. HP: 34/34 MP: 4/4
  1537 | D:2      | Found a bloodstained altar of Trog.
  1562 | D:2      | Found a white marble altar of Elyvilon.
  1614 | D:2      | Found an ancient bone altar of Kikubaaqudgha.
  1783 | D:2      | Found a runed door.
  1791 | D:2      | Noticed Crazy Yiuf
  1796 | D:2      | Killed Crazy Yiuf
  1796 | D:2      | Reached skill level 7 in Axes
  2048 | D:3      | Found an opulent altar of Gozag.
  2281 | D:3      | Reached XP level 5. HP: 39/39 MP: 5/5
  2412 | D:3      | Reached skill level 8 in Axes
  2596 | D:3      | Reached * piety under Okawaru
  2610 | D:3      | Reached XP level 6. HP: 40/46 MP: 6/6
  2676 | D:3      | Found a blossoming altar of Fedhas.
  2976 | D:3      | Reached skill level 9 in Axes
  3265 | D:4      | Noticed Natasha
  3285 | D:4      | Killed Natasha
  3406 | D:4      | Noticed Natasha
  3419 | D:4      | Killed Natasha
  3473 | D:4      | Reached skill level 10 in Axes
  3473 | D:4      | Reached XP level 7. HP: 50/51 MP: 7/7
  3597 | D:4      | Noticed Natasha
  3617 | D:4      | Killed from afar by Natasha

Vault maps used:
D:1:      dpeg_arrival_subterranean_lakeside_camping
D:2:      marbit_many_paths, okawaru_trees_1, old_standard_altar,
          elyvilon_altar_5, uniq_crazy_yiuf_cottage
D:3:      nicolae_gozag_cash_rules_everything_around_me,
          nicolae_overflow_crystal_walls
D:4:      minmay_temple_entry_mist, first_bread, uniq_natasha

Skill      XL: |  1  2  3  4  5  6 |
---------------+-------------------+-----
Axes           | 5 6 7 8 10 | 10.1
Fighting       | |  2.8
Throwing       | |  2.6
Dodging        | |  4.0

Action                   |  1- 3 |  4- 6 |  7- 9 || total
-------------------------+-------+-------+-------++-------
Melee: War axe           |   137 |   192 |    22 ||   351
       Bite              |     2 |    11 |     1 ||    14
Throw: Throwing net      |       |     1 |       ||     1
Evoke: Wand              |       |     2 |       ||     2
  Use: Scroll            |       |     8 |       ||     8
       Potion            |       |     1 |       ||     1
  Eat: Chunk             |     2 |     6 |     1 ||     9
       Fruit             |       |     6 |       ||     6
Armor: Leather armour    |    59 |     8 |       ||    67
       Ring mail         |       |    19 |       ||    19
       Scale mail        |       |    54 |     3 ||    57
Dodge: Dodged            |   110 |    79 |     5 ||   194
Block: Other             |       |     9 |     1 ||    10

Table legend:
 A = Spawn XP
 B = Non-spawn XP
 C = Spawn XP percentage of total XP
 D = Spawn monster count
 E = Non-spawn monster count
 F = Spawn count percentage of total count
 G = Total turns spent on level
                    A         B        C        D         E        F      G
               +---------+---------+-------+---------+---------+-------+---------
         Total |       0 |     669 |   0.0 |       0 |      94 |   0.0 |  3617
               +---------+---------+-------+---------+---------+-------+---------
           D:1 |       0 |      42 |   0.0 |       0 |      26 |   0.0 |   853
           D:2 |       0 |     103 |   0.0 |       0 |      27 |   0.0 |  1187
           D:3 |       0 |     322 |   0.0 |       0 |      27 |   0.0 |  1222
           D:4 |       0 |     202 |   0.0 |       0 |      14 |   0.0 |   355
               +---------+---------+-------+---------+---------+-------+---------
